 Dungeon Crawl Stone Soup version 0.30-a0-743-gbfdf073431 (webtiles) character file.

Game seed: 3440213503690430102

136 mopl the Slasher (level 5, -2/42 HPs)
             Began as a Merfolk Fighter on Feb 7, 2023.
             Slain by an orc warrior
             ... wielding a +0 mace
              (6 damage)
             ... on level 4 of the Dungeon.
             The game lasted 00:03:13 (2006 turns).

mopl the Slasher (Merfolk Fighter)                  Turns: 2006, Time: 00:03:14

Health: -2/42      AC: 12    Str: 19    XL:     5   Next: 19%
Magic:  5/5        EV:  7    Int:  7    God:
Gold:   23         SH:  4    Dex: 13    Spells: 4/4 levels left

rFire   + + .      SeeInvis .    a - +0 long sword
rCold   . . .      Faith    .    c - +0 buckler
rNeg    . . .      Spirit   .    D - +0 chain mail {rF+}
rPois   .          Reflect  .    g - +0 helmet
rElec   .          Harm     .    u - +0 cloak
rCorr   .          Rampage  .    (no gloves)
Will    .....                    r - +0 pair of boots Stlth
                                 v - amulet of magic regeneration
HPRegen 0.27/turn                B - ring of protection from fire
MPRegen 0.49/turn                (no ring)

@: no status effects
A: (nimble swimmer 2), mertail
a: no special abilities


You were on level 4 of the Dungeon.
You visited 1 branch of the dungeon, and saw 4 of its levels.

You collected 195 gold pieces.
You spent 172 gold pieces at shops.

Inventory:

Hand Weapons
 a - a +0 long sword (weapon)
 b - a +1 dagger of draining
Missiles
 f - 5 silver javelins
 n - 10 poisoned darts (quivered)
Armour
 c - a +0 buckler (worn)
 g - a +0 helmet (worn)
 r - a +0 pair of boots (worn)
 u - a +0 cloak (worn)
 D - a +0 chain mail of fire resistance (worn)
Magical Staves
 e - a staff of poison
Jewellery
 v - an amulet of magic regeneration (around neck)
 B - a ring of protection from fire (left hand)
Wands
 s - a wand of polymorph (10)
 C - a wand of digging (1)
Scrolls
 h - a scroll of enchant weapon {unknown}
 i - 3 scrolls of identify {unknown}
 o - 7 scrolls of teleportation {unknown}
 q - a scroll of blinking {unknown}
 x - 2 scrolls of vulnerability {unknown}
 y - a scroll of amnesia {unknown}
 A - 2 scrolls of fear {unknown}
Potions
 d - a potion of might
 k - a potion of resistance {unknown}
 l - 2 potions of lignification {unknown}
 m - a potion of magic {unknown}
 p - a potion of attraction {unknown}
 t - a potion of ambrosia {unknown}
 w - a potion of haste {unknown}


   Skills:
 + Level 3.8 Fighting
 * Level 4.1 Long Blades
 + Level 1.1 Throwing
 + Level 2.6 Armour
 + Level 1.9 Dodging
 - Level 3.0 Shields
 + Level 1.3 Evocations


You had 4 spell levels left.
You didn't know any spells.
Your spell library contained the following spells:

 Spells                   Type           Power      Damage    Failure   Level
 Necrotise                Necr           0%         1d4       100%        1
 Sandblast                Erth           0%         2d4       100%        1
 Passwall                 Tmut/Erth      0%         N/A       100%        2
 Stone Arrow              Conj/Erth      0%         3d7       100%        3
 Vampiric Draining        Necr           0%         2d6       100%        3
 Agony                    Necr           0%         N/A       100%        5
 Yara's Violent Unravell  Hex/Tmut       0%         3d3       100%        5
 Enfeeble                 Hex            0%         N/A       100%        7


Dungeon Overview and Level Annotations

Branches:
Dungeon (4/15)
 Temple: D:4-7

Altars:
Hepliaklqana
Qazlal

Shops:
D:4 *

Annotations:
D:2 Sigmund


Innate Abilities, Weirdness & Mutations

((You are very nimble when in or above water. (Stealth+, EV+, Speed+++)))
Your lower body shifts to a powerful aquatic tail in water.


Message History

An orc warrior comes into view. It is wielding a +0 mace.
You slash the orc!
You kill the orc!
There is a stone staircase leading down here.
Things that are here:
a +0 dagger; a +0 ring mail You completely miss the orc warrior.
The orc warrior closely misses you.
You barely miss the orc warrior.
The orc warrior hits you with a +0 mace!
An orc warrior is nearby!
Okay, then.
Okay, then.
There is a stone staircase leading down here.
Things that are here:
a +0 dagger; a +0 ring mail An orc comes into view.
It is wielding a +0 war axe.
The orc warrior attacks as you move away!
The orc warrior hits you with a +0 mace!
There is a stone staircase leading down here.
You see here a hobgoblin corpse.
The orc warrior hits you with a +0 mace.
The orc warrior attacks as you move away!
The orc warrior hits you with a +0 mace.
The orc warrior attacks as you move away!
The orc warrior closely misses you.
The orc warrior attacks as you move away!
The orc warrior hits you with a +0 mace.
* * * LOW HITPOINT WARNING * * *
The orc warrior attacks as you move away!
The orc warrior hits you but does no damage.
The orc warrior attacks as you move away!
The orc warrior barely misses you.
The orc warrior attacks as you move away!
The orc warrior hits you with a +0 mace.
The orc warrior attacks as you move away!
The orc warrior hits you with a +0 mace!
* * * LOW HITPOINT WARNING * * *
The orc warrior attacks as you move away!
The orc warrior hits you with a +0 mace.
You die...

## #.# #..≈.......≈.# .##
#.# #..≈.≈≈≈§§≈≈.# ..#
#.# #.......§§...# ..#
#.# #§##.###....## ..#
#.# #....# ##.### ..##
#<# ####.# #.#
..)############.# #.# #.#
.............##.#######.#
#.###
...........#...o@.......#
#...#
....######...############
###.# ....# #.........#
#†# ....# #.#######.# #.#
....# #.# #.# #.# ..###
#.# #.# #.# ..# #.# #.#
#.# ..## #.# #.# #.# ...#
#.# #.# #.#


You could see an orc warrior.

Vanquished Creatures
  Ijyb (D:4)
  An orc wizard (D:4)
  2 adders (D:2)
  2 dart slugs
  6 orcs
  4 ball pythons
  5 endoplasms (D:1)
  A giant cockroach (D:1)
  6 hobgoblins
  4 jackals (D:1)
  5 quokkas
  5 bats
  A frilled lizard (D:2)
  3 goblins
  5 kobolds
  3 rats (D:1)
54 creatures vanquished.

Notes
Turn   | Place    | Note
-------+----------+-------------------------------------------
     0 | D:1      | mopl the Merfolk Fighter began the quest for the Orb.
     0 | D:1      | Reached XP level 1. HP: 18/18 MP: 1/1
    72 | D:1      | Reached XP level 2. HP: 22/24 MP: 2/2
   142 | D:1      | Reached skill level 3 in Long Blades
   280 | D:1      | Reached skill level 1 in Dodging
   347 | D:1      | Reached XP level 3. HP: 25/29 MP: 3/3
   623 | D:2      | Noticed a shining eye
   626 | D:2      | Noticed a floating eye
   629 | D:2      | Found a faded altar of an unknown god.
   630 | D:2      | Noticed a great orb of eyes
   630 | D:2      | Noticed a great orb of eyes
   683 | D:2      | Reached skill level 1 in Evocations
   727 | D:2      | Reached XP level 4. HP: 36/36 MP: 4/4
   844 | D:2      | Noticed Sigmund
  1668 | D:4      | Found a hazy altar of Hepliaklqana.
  1713 | D:4      | Noticed Ijyb
  1739 | D:4      | Killed Ijyb
  1740 | D:4      | Reached skill level 1 in Throwing
  1764 | D:4      | Found Zeunwesa's Assorted Antiques.
  1770 | D:4      | Bought a glowing chain mail for 172 gold pieces
  1817 | D:4      | Found a stormy altar of Qazlal.
  1848 | D:4      | Reached skill level 4 in Long Blades
  1848 | D:4      | Reached XP level 5. HP: 42/42 MP: 5/5
  1969 | D:4      | Noticed an orc warrior
  2001 | D:4      | HP: 2/42 [orc warrior/+0 mace (11)]
  2006 | D:4      | Slain by an orc warrior

Illustrated notes

Levels and vault maps discovered:
D:1:      lemuel_arrival_river_bridge, layout_rooms, minmay_misc_feat_room,
          dreamdust_wishing_well
D:2:      layout_basic, hellmonk_ecumenical_altar_watching_god, uniq_sigmund
D:3:      layout_rooms, minmay_misc_feat_cross
D:4:      layout_loops_ring, mainiacjoe_overflow_concentric_impassable,
          mainiacjoe_overflow_chevrons, old_standard_altar, serial_shops, shop,
          uniq_ijyb

Skill      XL: |  1  2  3  4 |
---------------+-------------+-----
Long Blades    | 3 4 |  4.1
Dodging        | 1 |  1.9
Evocations     | 1 |  1.3
Throwing       | 1 |  1.1
Fighting       | |  3.8
Armour         | |  2.6
Shields        | |  3.0

Action                     |  1- 3 |  4- 6 || total
---------------------------+-------+-------++-------
  Melee: Long sword        |    80 |    87 ||   167
         Dagger            |       |    14 ||    14
 Armour: Scale mail        |    10 |       ||    10
         Chain mail        |    32 |    67 ||    99
  Dodge: Dodged            |    48 |    23 ||    71
  Block: Buckler           |    17 |    17 ||    34

Table legend: (Time is in decaauts)
 A = Elapsed time spent in this place.
 B = Non-inter-level travel time spent in this place.
 C = Inter-level travel time spent in this place.
 D = Time resting spent in this place.
 E = Time spent auto-exploring this place.
 F = Levels seen in this place.
 G = Mean time per level.
                   A        B        C        D        E       F      G
               +--------+--------+--------+--------+--------+-----+--------+
         Total |   2037 |   1968 |     69 |    117 |   1258 |   4 |  509.2 |
       Dungeon |   2037 |   1968 |     69 |    117 |   1258 |   4 |  509.2 |
               +--------+--------+--------+--------+--------+-----+--------+

Top non-repeatable levels by time:
     D:1: 670 daAuts
     D:3: 567 daAuts
     D:4: 404 daAuts
     D:2: 394 daAuts
